 Dungeon Crawl Stone Soup version 0.31.0-11-ge490571c62 (webtiles) character file.

Game seed: 2419035581612950761

334 CougarLife the Cleaver (level 6, -4/57 HPs)
             Began as a Hill Orc Berserker on Jan 30, 2024.
             Was a Believer of Trog.
             Killed from afar by Ijyb (9 damage)
             ... with a bolt of acid
             ... on level 3 of the Dungeon.
             The game lasted 00:04:07 (2892 turns).

CougarLife the Cleaver (Hill Orc Berserker)         Turns: 2892, Time: 00:04:07

Health: -4/57      AC:  7    Str: 22    XL:     6   Next: 53%
Magic:  6/6        EV: 10    Int:  7    God:    Trog [**....]
Gold:   183        SH:  0    Dex: 10    Spells: 5/5 levels left

rFire   . . .        i - +0 hand axe (venom)
rCold   . . .        (no shield)
rNeg    . . .        c - +0 scale mail
rPois   .            (no helmet)
rElec   .            m - +0 cloak
rCorr   .            (no gloves)
SInv    .            (no boots)
Will    .....        (no amulet) Stlth
                     (no ring)
HPRegen 0.29/turn    (no ring)
MPRegen 0.10/turn

%: no passive effects
@: no status effects
A: no striking features
a: Renounce Religion, Convert to Beogh, Berserk, Trog's Hand


You were on level 3 of the Dungeon.
You worshipped Trog.
Trog was pleased with you.
You visited 1 branch of the dungeon, and saw 5 of its levels.

You collected 238 gold pieces.
You spent 55 gold pieces at shops.

Inventory:

Hand Weapons
 i - a +0 hand axe of venom (weapon)
Missiles
 g - 14 poisoned darts (quivered)
 p - 4 javelins
Armour
 c - a +0 scale mail (worn)
 m - a +0 cloak (worn)
Wands
 n - a wand of flame (33)
 s - a wand of mindburst (8)
Scrolls
 a - 5 scrolls of teleportation
 d - 2 scrolls of revelation
 e - 2 scrolls of fog
 f - a scroll of torment
 h - a scroll of fear {unknown}
 l - a scroll of blinking {unknown}
Potions
 b - 4 potions of curing {unknown}
 j - a potion of magic {unknown}
 k - 2 potions of lignification {unknown}
 q - 2 potions of attraction {unknown}
 r - a potion of brilliance {unknown}


   Skills:
 + Level 5.7 Fighting
 * Level 8.0 Axes
 - Level 2.1 Armour
 - Level 1.5 Dodging


You had 5 spell levels left.
You didn't know any spells.
Your spell library was empty.

Dungeon Overview and Level Annotations

Branches:
Dungeon (5/15)
 Temple: D:4-7

Altars:
Kikubaaqudgha
Sif Muna
Uskayaw
Xom
The Shining One

Shops:
D:3 ?

Annotations:
D:3 Ijyb


Message History

Trog accepts your kill.
A jackal is nearby!
You hit the jackal.
The jackal is poisoned.
The jackal is severely wounded.
You kill the jackal!
Trog accepts your kill.
No target in view!
An orc comes into view. It is wielding a +0 mace.
No reachable target in view!
An orc is nearby!
No reachable target in view!
An orc is nearby!
No reachable target in view!
An orc is nearby!
An orc priest comes into view. It is wielding a +0 trident.
The orc priest shouts, "Beogh is our master!
Accept the truth or die!" (press Y on the ability menu to convert to Beogh)
The orc priest shouts!
An orc comes into view. It is wielding a +0 mace.
The orc shouts!
The orc priest mumbles some strange prayers to Beogh against you.
Pain shoots through your body!
The orc priest casts a cantrip, but nothing happens.
Ijyb the Twisted Goblin comes into view.
She is wielding a +0 club and carrying a wand of acid.
Found a scroll labelled IDATIPP QEGUTS.
Ijyb shouts!
The orc priest calls down the wrath of Beogh upon you.
Beogh smites you!
Ijyb zaps a wand.
The bolt of acid hits you!
* * * LOW HITPOINT WARNING * * *
Ijyb zaps a wand.
The bolt of acid hits the orc!!
The acid corrodes the orc!
The orc dies!
The bolt of acid misses you.
The orc priest casts a cantrip, but nothing happens.
The orc priest mumbles some strange prayers to Beogh against you.
Pain shoots through your body!
* * * LOW HITPOINT WARNING * * *
The orc priest looks encouraged for a moment.
Ijyb zaps a wand.
The bolt of acid hits you!
You die...

..# #...≈.≈≈≈§≈?≈..#
..# #...≈§≈§..≈.≈..#
#.#
####...≈§≈§_.≈.≈..#
#.#
#.)....≈.≈.o.≈.≈..#
#.##
#......≈.≈.≈≈≈.≈..#
~..#
#......≈.o..g.)≈.#
...#
#......≈≈≈≈≈≈≈≈≈.#
~..#
#................#
#.##
#........@....####
#.##########.#########
#.........#..#
..........#.##
............#
#.......#.#.#
........##.##
........#.#.#
......>..#.##


You could see Ijyb, an orc priest and an orc.

Vanquished Creatures
  A phantom (D:4)
  A scorpion (D:5)
  An iguana (D:4)
  8 gnolls
  9 dart slugs
  4 orcs (D:4)
  4 bats
  6 endoplasms
  2 giant cockroaches
  5 goblins
  6 hobgoblins
  2 jackals (D:3)
  2 quokkas
  7 ball pythons
  2 frilled lizards (D:2)
  11 kobolds
  3 rats (D:1)
74 creatures vanquished.

Vanquished Creatures (others)
  An orc (D:3)
1 creature vanquished.

Grand Total: 75 creatures vanquished

Notes
Turn   | Place    | Note
-------+----------+-------------------------------------------
     0 | D:1      | CougarLife the Hill Orc Berserker began the quest for the
                  | Orb.
     0 | D:1      | Reached XP level 1. HP: 19/19 MP: 1/1
    66 | D:1      | Reached XP level 2. HP: 11/27 MP: 2/2
   341 | D:1      | Reached skill level 5 in Axes
   433 | D:1      | Reached XP level 3. HP: 33/33 MP: 3/3
   794 | D:1      | Reached ** piety under Trog
  1143 | D:2      | Reached XP level 4. HP: 38/41 MP: 4/4
  1434 | D:2      | Reached skill level 6 in Axes
  1980 | D:3      | You fall into a shaft and drop 2 floors!
  1980 | D:5      | Entered Level 5 of the Dungeon
  1985 | D:5      | Noticed a scorpion
  1994 | D:5      | Killed a scorpion
  1995 | D:5      | Reached skill level 5 in Fighting
  1995 | D:5      | Reached XP level 5. HP: 48/48 MP: 5/5
  2238 | D:4      | Reached skill level 7 in Axes
  2358 | D:4      | Noticed a phantom
  2378 | D:4      | Killed a phantom
  2379 | D:4      | Reached XP level 6. HP: 43/56 MP: 6/6
  2519 | D:4      | Found a hide-covered altar of Uskayaw.
  2519 | D:4      | Found a shimmering altar of Xom.
  2716 | D:4      | Reached skill level 8 in Axes
  2726 | D:3      | Found Midgh's Magic Scroll Shop.
  2729 | D:3      | Bought a scroll of identify for 22 gold pieces
  2729 | D:3      | Bought a scroll of teleportation for 33 gold pieces
  2773 | D:3      | Found a glowing golden altar of the Shining One.
  2784 | D:3      | Found a shimmering blue altar of Sif Muna.
  2867 | D:3      | Found an ancient bone altar of Kikubaaqudgha.
  2881 | D:3      | Noticed Ijyb
  2892 | D:3      | Killed from afar by Ijyb

Illustrated notes

Levels and vault maps discovered:
D:1:      kilobyte_arrival_exit_the_forest, layout_basic
D:2:      layout_loops_ring, ebering_dispersal_statue_hall, minmay_tetromino_l2
D:3:      kennysheep_slugbush, layout_basic,
          mainiacjoe_overflow_concentric_impassable,
          mainiacjoe_overflow_large_starburst, serial_shops, shop,
          roderic_malta_cross, minmay_liquid_box,
          nicolae_houndstooth_variations, uniq_ijyb
D:4:      layout_loops_ring, gammafunk_temple_overflow_statue,
          dreamdust_princess_bridge, nicolae_elevator_lobby_asterisk
D:5:      layout_basic, ebering_ghost_disaster_area, serial_corexii_hall,
          chequers_hall_statues_corner_a, chequers_hall_statues_wall_a,
          chequers_hall_statues_corner_a, corexii_hall_statues_u,
          corexii_hall_statues_deadend, chequers_hall_statues_y

Skill      XL: |  1  2  3  4  5  6 |
---------------+-------------------+-----
Fighting       | 4 5 |  5.7
Axes           | 5 6 7 8 |  8.0
Armour         | |  2.1
Dodging        | |  1.5

Action                     |  1- 3 |  4- 6 || total
---------------------------+-------+-------++-------
  Melee: Hand axe          |    95 |   110 ||   205
         Punch             |     1 |       ||     1
 Invoke: Berserk           |       |     2 ||     2
    Use: Scroll            |       |     3 ||     3
 Armour: Animal skin       |     9 |       ||     9
         Scale mail        |    53 |   107 ||   160
  Dodge: Dodged            |    49 |    43 ||    92
